| TOP OF THE 1ST |
|
Cocoa Flyers batting - Pitching for Tampa Pirates : RHP Donald VanMarter
|
|
Pitching: RHP Donald VanMarter
|
|
|
Batting: RHB Johnny Salery
|
0-0: Ball 1-0: Ball 2-0: Foul Ball, location: 2F 2-1: Fly out, F4 (Line Drive, 4, EV 77.5 MPH)
|
|
Batting: RHB Miguel Dominguez
|
0-0: Fly out, F7 (Line Drive, 7, EV 103.8 MPH)
|
|
Batting: LHB Shanie Dugas
|
0-0: Called Strike 0-1: Foul Ball, location: 2F 0-2: Ball 1-2: Ball 2-2: Foul Ball, location: 2F 2-2: Ball 3-2: Base on Balls
|
|
Batting: LHB Gary Robertson
|
0-0: Foul Ball, location: 2F 0-1: Ball 1-1: Ball 2-1: Ball 3-1: Foul Ball, location: 2F 3-2: Strikes out swinging
|
| Top of the 1st over - 0 runs, 0 hits, 0 errors, 1 left on base; Cocoa 0 - Tampa 0 |
| BOTTOM OF THE 1ST |
|
Tampa Pirates batting - Pitching for Cocoa Flyers : RHP Carlos Games
|
|
Pitching: RHP Carlos Games
|
|
|
Batting: SHB Craig Smajstrla
|
0-0: Ball 1-0: Ball 2-0: Ground out 6-3 (Groundball, 56, EV 100.6 MPH)
|
|
Batting: RHB Javier Flores
|
0-0: Ball 1-0: Foul Ball, location: 2F 1-1: Called Strike 1-2: Strikes out swinging
|
|
Batting: RHB Cliff Pastornicky
|
0-0: Ball 1-0: Foul Ball, location: 2F 1-1: SINGLE (Flyball, 8LS, EV 86.9 MPH)
|
|
Batting: RHB Gregory Norman
|
0-0: Swinging Strike 0-1: Fly out, F7 (Flyball, 7D, EV 105.6 MPH)
|
| Bottom of the 1st over - 0 runs, 1 hit, 0 errors, 1 left on base; Cocoa 0 - Tampa 0 |
| TOP OF THE 2ND |
|
Cocoa Flyers batting - Pitching for Tampa Pirates : RHP Donald VanMarter
|
|
Batting: LHB Clint Hurdle
|
0-0: Foul Ball, location: 2F 0-1: Ball 1-1: Ball 2-1: SINGLE (Groundball, 34D, EV 106.3 MPH)
|
|
Batting: SHB Michael Palmer
|
0-0: Ball 1-0: Foul Ball, location: 2F 1-1: Foul Ball, location: 2F 1-2: Strikes out looking
|
|
Batting: RHB Ronald Russell
|
0-0: Called Strike 0-1: Ball 1-1: Called Strike 1-2: Foul Ball, location: 2F 1-2: Fielders Choice at 2nd, 3-6 (Groundball, 3, EV 100.6 MPH)
|
|
Batting: RHB Rhett Whisman
|
0-0: Called Strike 0-1: Swinging Strike 0-2: Fly out, F6 (Line Drive, 6, EV 71.9 MPH)
|
| Top of the 2nd over - 0 runs, 1 hit, 0 errors, 1 left on base; Cocoa 0 - Tampa 0 |
| BOTTOM OF THE 2ND |
|
Tampa Pirates batting - Pitching for Cocoa Flyers : RHP Carlos Games
|
|
Batting: RHB Rico Sutton
|
0-0: Called Strike 0-1: Foul Ball, location: 2F 0-2: Ball 1-2: Ball 2-2: Foul Ball, location: 2F 2-2: Ground out 5-3 (Groundball, 56S, EV 74.4 MPH)
|
|
Batting: LHB Reggie West
|
0-0: Ball 1-0: Ball 2-0: Ball 3-0: Base on Balls
|
|
Batting: RHB James Padula
|
0-0: Called Strike 0-1: Called Strike 0-2: SINGLE (Groundball, 34D, EV 106.9 MPH) Reggie West to second Runner from 2nd tries for 3rd, SAFE, throw by RF made to third
|
|
Batting: RHB Francisco Perez
|
0-0: Ball 1-0: Swinging Strike 1-1: Ball 2-1: Fly out, F7 (Line Drive, 7, EV 89.4 MPH) Runner from 3rd tags up, SCORES, throw by LF
|
|
Batting: RHB Rick Colbert
|
0-0: Called Strike 0-1: Called Strike 0-2: Ball 1-2: Ball 2-2: Ball 3-2: Base on Balls James Padula to second
|
|
Batting: SHB Craig Smajstrla
|
0-0: SINGLE (Line Drive, 7S, EV 85.6 MPH) James Padula to third Rick Colbert to second Runner from 3rd tries for Home, SAFE, no throw by LF
|
|
Batting: RHB Javier Flores
|
0-0: Swinging Strike 0-1: Fly out, F8 (Flyball, 8RD, EV 108.1 MPH)
|
| Bottom of the 2nd over - 2 runs, 2 hits, 0 errors, 2 left on base; Cocoa 0 - Tampa 2 |
| TOP OF THE 3RD |
|
Cocoa Flyers batting - Pitching for Tampa Pirates : RHP Donald VanMarter
|
|
Batting: RHB Lorenzo Quintanilla
|
0-0: Ball 1-0: Ball 2-0: Swinging Strike 2-1: Foul Ball, location: 2F 2-2: Strikes out swinging
|
|
Batting: RHB Johnny Salery
|
0-0: Called Strike 0-1: Called Strike 0-2: Foul Ball, location: 2F 0-2: SINGLE (Line Drive, 9LS, EV 96.3 MPH)
|
|
Batting: RHB Miguel Dominguez
|
0-0: Called Strike 0-1: Fly out, F7 (Line Drive, 7, EV 96.9 MPH)
|
|
Batting: LHB Shanie Dugas
|
0-0: Ball 1-0: Ball 2-0: Fly out, F9 (Flyball, 9LM, EV 90.0 MPH)
|
| Top of the 3rd over - 0 runs, 1 hit, 0 errors, 1 left on base; Cocoa 0 - Tampa 2 |
| BOTTOM OF THE 3RD |
|
Tampa Pirates batting - Pitching for Cocoa Flyers : RHP Carlos Games
|
|
Batting: RHB Cliff Pastornicky
|
0-0: Called Strike 0-1: Ball 1-1: Ball 2-1: Ball 3-1: Ground out 5-3 (Groundball, 56, EV 106.3 MPH)
|
|
Batting: RHB Gregory Norman
|
0-0: Called Strike 0-1: Foul Ball, location: 2F 0-2: Ball 1-2: Strikes out swinging
|
|
Batting: RHB Rico Sutton
|
0-0: Foul Ball, location: 2F 0-1: SINGLE (Line Drive, 89S, EV 90.0 MPH)
|
|
Batting: LHB Reggie West
|
0-0: Ball 1-0: Ball Rico Sutton steals 2nd base 2-0: Ground out U3 (Groundball, 3L, EV 83.1 MPH)
|
| Bottom of the 3rd over - 0 runs, 1 hit, 0 errors, 1 left on base; Cocoa 0 - Tampa 2 |
| TOP OF THE 4TH |
|
Cocoa Flyers batting - Pitching for Tampa Pirates : RHP Donald VanMarter
|
|
Batting: LHB Gary Robertson
|
0-0: Ball 1-0: Fly out, F8 (Flyball, 8LS, EV 88.1 MPH)
|
|
Batting: LHB Clint Hurdle
|
0-0: Ball 1-0: Fly out, F8 (Flyball, 8RXD, EV 88.8 MPH)
|
|
Batting: SHB Michael Palmer
|
0-0: Swinging Strike 0-1: Fly out, F8 (Flyball, 8LD, EV 97.5 MPH)
|
| Top of the 4th over - 0 runs, 0 hits, 0 errors, 0 left on base; Cocoa 0 - Tampa 2 |
| BOTTOM OF THE 4TH |
|
Tampa Pirates batting - Pitching for Cocoa Flyers : RHP Carlos Games
|
|
Batting: RHB James Padula
|
0-0: Called Strike 0-1: Foul Ball, location: 2F 0-2: Ball 1-2: Ground out 1-3 (Groundball, 13S, EV 65.0 MPH)
|
|
Batting: RHB Francisco Perez
|
0-0: Foul Ball, location: 2F 0-1: Foul Ball, location: 2F 0-2: Ball 1-2: Ground out 6-3 (Groundball, 6, EV 106.3 MPH)
|
|
Batting: RHB Rick Colbert
|
0-0: Foul Ball, location: 2F 0-1: Ground out 5-3 (Groundball, 5, EV 91.3 MPH)
|
| Bottom of the 4th over - 0 runs, 0 hits, 0 errors, 0 left on base; Cocoa 0 - Tampa 2 |
| TOP OF THE 5TH |
|
Cocoa Flyers batting - Pitching for Tampa Pirates : RHP Donald VanMarter
|
|
Batting: RHB Ronald Russell
|
0-0: Foul Ball, location: 2F 0-1: Ground out 5-3 (Groundball, 56S, EV 91.9 MPH)
|
|
Batting: RHB Rhett Whisman
|
0-0: Fly out, F9 (Flyball, 89XD, EV 85.0 MPH)
|
|
Batting: RHB Lorenzo Quintanilla
|
0-0: Ball 1-0: Ball 2-0: Ball 3-0: Called Strike 3-1: Swinging Strike 3-2: Fly out, F8 (Line Drive, 8RD, EV 105.0 MPH)
|
| Top of the 5th over - 0 runs, 0 hits, 0 errors, 0 left on base; Cocoa 0 - Tampa 2 |
| BOTTOM OF THE 5TH |
|
Tampa Pirates batting - Pitching for Cocoa Flyers : RHP Carlos Games
|
|
Batting: SHB Craig Smajstrla
|
0-0: Ball 1-0: Fly out, F8 (Flyball, 8LD, EV 97.5 MPH)
|
|
Batting: RHB Javier Flores
|
0-0: Ground out 4-3 (Groundball, 4M, EV 87.5 MPH)
|
|
Batting: RHB Cliff Pastornicky
|
0-0: TRIPLE (Flyball, 78XD, EV 95.6 MPH)
|
|
Batting: RHB Gregory Norman
|
0-0: Ball 1-0: Swinging Strike 1-1: Called Strike 1-2: Ball 2-2: Ball 3-2: Foul Ball, location: 2F 3-2: Base on Balls
|
|
Batting: RHB Rico Sutton
|
0-0: SINGLE (Flyball, 6D, EV 91.3 MPH) Cliff Pastornicky scores Gregory Norman to second
|
|
Batting: LHB Reggie West
|
0-0: Foul Ball, location: 2F 0-1: Foul Ball, location: 2F 0-2: Ball 1-2: Strikes out swinging
|
| Bottom of the 5th over - 1 run, 2 hits, 0 errors, 2 left on base; Cocoa 0 - Tampa 3 |
| TOP OF THE 6TH |
|
Cocoa Flyers batting - Pitching for Tampa Pirates : RHP Donald VanMarter
|
|
Batting: RHB Johnny Salery
|
0-0: Ball 1-0: DOUBLE (Flyball, 8LXD, EV 96.3 MPH)
|
|
Batting: RHB Miguel Dominguez
|
0-0: SINGLE (Groundball, 6M, EV 99.4 MPH) (infield hit) Johnny Salery to third
|
|
Batting: LHB Shanie Dugas
|
0-0: Ball 1-0: Called Strike 1-1: Swinging Strike 1-2: Ball 2-2: Ball 3-2: Base on Balls Miguel Dominguez to second
|
|
Batting: LHB Gary Robertson
|
0-0: Ball 1-0: Ball 2-0: Ball 3-0: Base on Balls Johnny Salery scores Miguel Dominguez to third Shanie Dugas to second
|
|
Batting: LHB Clint Hurdle
|
0-0: Called Strike 0-1: Ball 1-1: Ball 2-1: Ball 3-1: Foul Ball, location: 2F 3-2: Foul Ball, location: 2F 3-2: Fly out, F8 (Flyball, 89D, EV 101.3 MPH) Runner from 3rd tags up, OUT at HOME! 8-2 Shanie Dugas to third Gary Robertson to second
|
|
Batting: SHB Michael Palmer
|
0-0: Called Strike 0-1: Swinging Strike 0-2: Foul Ball, location: 2F 0-2: Ball 1-2: SINGLE (Line Drive, 7S, EV 94.4 MPH) Shanie Dugas scores Gary Robertson to third Runner from 3rd tries for Home, SAFE, throw by LF to home Michael Palmer to second
|
|
Batting: RHB Ronald Russell
|
0-0: Fly out, F7 (Flyball, 78XD, EV 103.1 MPH)
|
| Top of the 6th over - 3 runs, 3 hits, 0 errors, 1 left on base; Cocoa 3 - Tampa 3 |
| BOTTOM OF THE 6TH |
|
Tampa Pirates batting - Pitching for Cocoa Flyers : RHP Carlos Games
|
|
Batting: RHB James Padula
|
0-0: Swinging Strike 0-1: Foul Ball, location: 2F 0-2: Ball 1-2: Foul Ball, location: 2F 1-2: Foul Ball, location: 2F 1-2: Foul Ball, location: 2F 1-2: Fly out, F7 (Flyball, 7S, EV 90.6 MPH)
|
|
Batting: RHB Francisco Perez
|
0-0: Called Strike 0-1: Reached on error, E5 (Groundball, 56S, EV 89.4 MPH)
|
|
Batting: RHB Rick Colbert
|
0-0: Ball 1-0: Ground out 5-3 (Groundball, 56S, EV 81.9 MPH)
|
|
Batting: SHB Craig Smajstrla
|
0-0: Ball 1-0: Foul Ball, location: 2F 1-1: Ground out 3-1 (Groundball, 34, EV 81.9 MPH)
|
| Bottom of the 6th over - 0 runs, 0 hits, 1 error, 1 left on base; Cocoa 3 - Tampa 3 |
| TOP OF THE 7TH |
|
Cocoa Flyers batting - Pitching for Tampa Pirates : RHP Donald VanMarter
|
|
Batting: RHB Rhett Whisman
|
0-0: Ball 1-0: Ball 2-0: Ball 3-0: Called Strike 3-1: Called Strike 3-2: Base on Balls
|
|
Batting: RHB Lorenzo Quintanilla
|
0-0: Bunt missed! 0-1: Sac Bunt to 23 - play at first, batter OUT! 3-4 Rhett Whisman to second
|
|
Batting: RHB Johnny Salery
|
0-0: Ball 1-0: Foul Ball, location: 2F 1-1: Ball 2-1: Foul Ball, location: 2F 2-2: Foul Ball, location: 2F 2-2: Fly out, F8 (Flyball, 8LXD, EV 108.8 MPH) Runner from 2nd tags up, SAFE at 3rd, no throw by CF
|
|
Batting: RHB Miguel Dominguez
|
0-0: SINGLE (Line Drive, 78S, EV 105.0 MPH) Rhett Whisman scores
|
|
Batting: LHB Shanie Dugas
|
0-0: Swinging Strike 0-1: Ball 1-1: Foul Ball, location: 2F 1-2: Ball 2-2: Strikes out swinging
|
| Top of the 7th over - 1 run, 1 hit, 0 errors, 1 left on base; Cocoa 4 - Tampa 3 |
| BOTTOM OF THE 7TH |
|
Tampa Pirates batting - Pitching for Cocoa Flyers : RHP Carlos Games
|
|
Batting: RHB Javier Flores
|
0-0: Ball 1-0: Ball 2-0: Called Strike 2-1: Fly out, F8 (Flyball, 8RM, EV 88.1 MPH)
|
|
Batting: RHB Cliff Pastornicky
|
0-0: Called Strike 0-1: Foul Ball, location: 2F 0-2: Fly out, F6 (Line Drive, 6, EV 65.0 MPH)
|
|
Batting: RHB Gregory Norman
|
0-0: Ball 1-0: Ball 2-0: Called Strike 2-1: Ball 3-1: Foul Ball, location: 2F 3-2: Ground out 4-3 (Groundball, 4, EV 83.1 MPH)
|
| Bottom of the 7th over - 0 runs, 0 hits, 0 errors, 0 left on base; Cocoa 4 - Tampa 3 |
| TOP OF THE 8TH |
|
Cocoa Flyers batting - Pitching for Tampa Pirates : RHP Donald VanMarter
|
|
Pitching: LHP Steven Lerner
|
|
|
Batting: LHB Gary Robertson
|
0-0: Foul Ball, location: 2F 0-1: Ball 1-1: Called Strike 1-2: Strikes out swinging
|
|
Batting: LHB Clint Hurdle
|
0-0: Ball 1-0: Ball 2-0: Called Strike 2-1: Ball 3-1: Fly out, F9 (Flyball, 9S, EV 85.6 MPH)
|
|
Batting: SHB Michael Palmer
|
0-0: Fly out, F9 (Flyball, 9S, EV 80.6 MPH)
|
| Top of the 8th over - 0 runs, 0 hits, 0 errors, 0 left on base; Cocoa 4 - Tampa 3 |
| BOTTOM OF THE 8TH |
|
Tampa Pirates batting - Pitching for Cocoa Flyers : RHP Carlos Games
|
|
Batting: RHB Rico Sutton
|
0-0: Ball 1-0: Ball 2-0: Called Strike 2-1: Foul Ball, location: 2F 2-2: Foul Ball, location: 2F 2-2: Foul Ball, location: 2F 2-2: Foul Ball, location: 2F 2-2: Foul Ball, location: 2F 2-2: Strikes out swinging
|
|
Batting: LHB Reggie West
|
0-0: Called Strike 0-1: Ball 1-1: Ball 2-1: Swinging Strike 2-2: Ball 3-2: Fly out, F7 (Flyball, 7LM, EV 87.5 MPH)
|
|
Batting: RHB James Padula
|
0-0: Foul Ball, location: 2F 0-1: Foul Ball, location: 2F 0-2: Strikes out looking
|
| Bottom of the 8th over - 0 runs, 0 hits, 0 errors, 0 left on base; Cocoa 4 - Tampa 3 |
| TOP OF THE 9TH |
|
Cocoa Flyers batting - Pitching for Tampa Pirates : LHP Steven Lerner
|
|
Pitching: RHP Brian McCaslin
|
|
|
Batting: RHB Ronald Russell
|
0-0: Ground out 6-3 (Groundball, 6, EV 99.4 MPH)
|
|
Batting: RHB Rhett Whisman
|
0-0: Ball 1-0: Ball 2-0: Fly out, F4 (Line Drive, 4, EV 73.1 MPH)
|
|
Batting: RHB Lorenzo Quintanilla
|
0-0: Ball 1-0: Foul Ball, location: 2F 1-1: SINGLE (Line Drive, 3D, EV 101.9 MPH)
|
|
Batting: RHB Johnny Salery
|
0-0: Ball 1-0: Fielders Choice at 2nd, 5-4 (Groundball, 5, EV 101.9 MPH)
|
| Top of the 9th over - 0 runs, 1 hit, 0 errors, 1 left on base; Cocoa 4 - Tampa 3 |
| BOTTOM OF THE 9TH |
|
Tampa Pirates batting - Pitching for Cocoa Flyers : RHP Carlos Games
|
|
Pitching: RHP Jeffery Vail
|
|
|
Now at SS: George Slembecker
|
|
|
Batting: RHB Francisco Perez
|
0-0: Ball 1-0: Ball 2-0: Called Strike 2-1: Fly out, F8 (Flyball, 78D, EV 105.0 MPH)
|
|
Batting: RHB Rick Colbert
|
0-0: Swinging Strike 0-1: Called Strike 0-2: Ball 1-2: SINGLE (Groundball, 56D, EV 104.4 MPH)
|
|
Batting: SHB Craig Smajstrla
|
0-0: Ball 1-0: Ball 2-0: Called Strike 2-1: Ball 3-1: Base on Balls Rick Colbert to second
|
|
Batting: RHB Javier Flores
|
0-0: Ball 1-0: Ball 2-0: Ground out 5-3 (Groundball, 56, EV 85.6 MPH) Rick Colbert to third Craig Smajstrla to second
|
|
Batting: RHB Cliff Pastornicky
|
0-0: Ball 1-0: Ground out 4-3 (Groundball, 4, EV 96.9 MPH)
|
| Bottom of the 9th over - 0 runs, 1 hit, 0 errors, 2 left on base; Cocoa 4 - Tampa 3 |
|